 Dungeon Crawl Stone Soup version 0.32-a0-290-g598725c (webtiles) character file.

Game seed: 12904441971822887049

177 skewfiend the Caller (level 5, 0/28 HPs)
             Began as a Deep Elf Summoner on Feb 12, 2024.
             Was an Initiate of Sif Muna.
             Killed by divine providence
             ... invoked by an orc priest
              (8 damage)
             ... on level 5 of the Dungeon on Feb 13, 2024.
             The game lasted 00:13:14 (3699 turns).

skewfiend the Caller (Deep Elf Summoner)            Turns: 3699, Time: 00:13:15

Health: 0/28       AC:  2    Str: 14    XL:     5   Next: 30%
Magic:  12/13      EV: 12    Int: 22    God:    Sif Muna [......]
Gold:   218        SH:  0    Dex: 15    Spells: 3/13 levels left

rFire   . . .        x - +6 hand axe "Oheiq" {spect, Str+3}
rCold   . . .        (no shield)
rNeg    . . .        a - +0 robe
rPois   .            (no helmet)
rElec   .            (no cloak)
rCorr   .            (no gloves)
SInv    .            (no boots)
Will    .....        (no amulet)
Stlth   ++           q - +6 ring of strength
HPRegen 0.24/turn    A - ring of wizardry
MPRegen 0.13/turn

%: wizardry (x1)
@: inugami summoned
A: no striking features
a: Renounce Religion


You were on level 5 of the Dungeon.
You worshipped Sif Muna.
Sif Muna was noncommittal.
You visited 2 branches of the dungeon, and saw 6 of its levels.

You collected 218 gold pieces.

Inventory:

Hand Weapons
 h - a +0 short sword
 u - a +0 lajatang
 x - the +6 hand axe "Oheiq" (weapon) {spect, Str+3}
   (You found it on level 3 of the Dungeon)

   Str+3:     It affects your strength (+3).
 C - a +1 war axe of venom
Missiles
 c - 11 poisoned darts
 m - 41 stones
Armour
 a - a +0 robe (worn)
 v - a +1 ring mail of cold resistance
Magical Staves
 k - a staff of earth
Jewellery
 q - a +6 ring of strength (left hand)
 A - a ring of wizardry (right hand)
 E - the ring of the Rabble {rF- rC+ Will+ SInv}
   (You found it on level 4 of the Dungeon)

   [ring of protection from cold]

   rF-:       It makes you vulnerable to fire.
   rC+:       It protects you from cold.
   Will+:     It increases your willpower.
   SInv:      It lets you see invisible.
Talismans
 d - a serpent talisman
 G - a storm talisman
Wands
 y - a wand of light (10)
 D - a wand of digging (2)
Scrolls
 f - 2 scrolls of enchant weapon {unknown}
 g - 7 scrolls of identify {unknown}
 j - 2 scrolls of immolation {unknown}
 l - 2 scrolls of enchant armour {unknown}
 o - 2 scrolls of blinking {unknown}
 s - a scroll of amnesia {unknown}
 w - a scroll of vulnerability {unknown}
 z - a scroll of fog {unknown}
 F - a scroll of teleportation {unknown}
Potions
 b - a potion of magic
 e - a potion of cancellation {unknown}
 i - 5 potions of curing {unknown}
 n - a potion of attraction {unknown}
 p - 3 potions of lignification {unknown}
 r - a potion of brilliance {unknown}
 t - a potion of berserk rage {unknown}
 B - a potion of haste {unknown}


   Skills:
 + Level 0.6 Fighting
 - Level 2.4 Dodging
 - Level 2.4 Stealth
 + Level 4.5 Spellcasting
 * Level 6.5 Summonings


You had 3 spell levels left.
You knew the following spells:

 Your Spells              Type           Power      Damage    Failure   Level
a - Summon Small Mammal   Summ           100%       N/A       1%          1
b - Call Imp              Summ           66%        N/A       1%          2
c - Call Canine Familiar  Summ           33%        N/A       1%          3
d - Summon Lightning Spi  Summ/Air       19%        N/A       12%         4

Your spell library contained the following spells:

 Spells                   Type           Power      Damage    Failure   Level
 Lesser Beckoning         Tloc           8%         N/A       6%          2
 Gell's Gravitas          Tloc           4%         N/A       13%         3
 Teleport Other           Tloc           4%         N/A       13%         3
 Summon Blazeheart Golem  Fire/Summ      19%        N/A       12%         4


Dungeon Overview and Level Annotations

Branches:
Dungeon (5/15)             Temple (1/1) D:4

Altars:
Ashenzari
Cheibriados
Dithmenos
Elyvilon
Fedhas
Gozag
Hepliaklqana
Kikubaaqudgha
Makhleb
Nemelex Xobeh
Okawaru
Qazlal
Ru
Sif Muna
Trog
Uskayaw
Vehumet
Wu Jian
Xom
Yredelemnul
Zin
The Shining One

Shops:
D:2 *   D:3 (

Annotations:
D:2 digscroll


Message History

Okay, then.
What are your orders? t - Shout!
Orders for allies: a - Attack new target. r - Retreat! s - Stop attacking. g - Guard the area. f - Follow me.
Anything else - Cancel.
Retreat in which direction?
Press: ? - help, Dir - move target Fall back!
Unknown command.
What are your orders? t - Shout!
Orders for allies: a - Attack new target. r - Retreat! s - Stop attacking. g - Guard the area. f - Follow me.
Anything else - Cancel.
Gang up on whom?
Press: ? - help, Dir - move target, f - orc priest
Aim: an orc priest, wielding a +0 falchion and wearing a +0 leather armour (lightly wounded) Attack!
The orc priest hits your inugami but does no damage.
Your inugami barely misses the orc priest.
Okay, then.
Your inugami hits the orc priest.
The orc priest invokes the aid of Beogh against you.
Beogh smites you!
* * * LOW HITPOINT WARNING * * *
Unknown command.
Your inugami hits the orc priest.
The orc priest mumbles some strange prayers to Beogh against you.
Your inugami writhes in agony!
The orc priest hits your inugami with a +0 falchion.
Your inugami hits the orc priest.
Things that are here:
a +0 short sword; an orc corpse Your inugami barely misses the orc priest.
The orc priest mumbles some strange prayers to Beogh against you.
Beogh smites you!
You die...

#...# ###.# #.#
#.# #.#######
#######........
#.?............
#.#############
#@# #########)#
..........#
#.#######h#
.......)o......
######.########
#. #. #.


You could see an orc priest (ally target) and a friendly inugami (summoned).

Vanquished Creatures
  3 adders
  3 dart slugs
  An orc (D:3)
  4 endoplasms
  4 goblins
  2 hobgoblins
  3 quokkas
  2 ball pythons (D:4)
  3 bats
  A frilled lizard (D:2)
  3 kobolds
  5 rats
34 creatures vanquished.

Vanquished Creatures (collateral kills)
  A bombardier beetle (D:3)
  2 adders
  A dart slug (D:1)
  4 orcs
  3 bats
  2 endoplasms
  3 giant cockroaches
  2 goblins
  2 hobgoblins
  4 kobolds
  A quokka (D:4)
  7 ball pythons
  2 rats (D:1)
34 creatures vanquished.

Grand Total: 68 creatures vanquished

Notes
Turn   | Place    | Note
-------+----------+-------------------------------------------
     0 | D:1      | skewfiend the Deep Elf Summoner began the quest for the
                  | Orb.
     0 | D:1      | Reached XP level 1. HP: 10/10 MP: 6/6
   372 | D:1      | Reached XP level 2. HP: 7/15 MP: 5/8
   585 | D:1      | Reached skill level 5 in Summonings
  1159 | D:2      | Learned a level 2 spell: Call Imp
  1275 | D:2      | Found Gewopp's General Store.
  1306 | D:2      | Reached XP level 3. HP: 19/19 MP: 5/9
  2191 | D:3      | Reached XP level 4. HP: 22/24 MP: 8/11
  2265 | D:3      | Reached skill level 6 in Summonings
  2269 | D:3      | Learned a level 3 spell: Call Canine Familiar
  2274 | D:3      | Learned a level 4 spell: Summon Lightning Spire
  2274 | D:3      | Upgraded the game from 0.32-a0-172-gc5dd13f to
                  | 0.32-a0-290-g598725c
  2316 | D:3      | Identified the +6 hand axe "Oheiq" {spect, Str+3}
  2374 | D:3      | Found an iron altar of Okawaru.
  2374 | D:3      | Found a shimmering blue altar of Sif Muna.
  2386 | D:3      | Became a worshipper of Sif Muna the Loreminder
  2491 | D:3      | Found Vonlyl's Antique Weapon Shop.
  2795 | D:3      | Found a hazy altar of Hepliaklqana.
  3042 | D:4      | Reached XP level 5. HP: 24/28 MP: 13/13
  3328 | D:4      | Identified the ring of the Rabble {rF- rC+ Will+ SInv}
  3474 | D:4      | Found a staircase to the Ecumenical Temple.
  3492 | Temple   | Entered the Ecumenical Temple
  3662 | D:5      | Entered Level 5 of the Dungeon
  3699 | D:5      | Killed from afar by an orc priest

Illustrated notes

Levels and vault maps discovered:
D:1:      minmay_arrival_four_houses, layout_basic, minivault_4
D:2:      layout_basic, serial_shops, nicolae_shop_tiny_waterfront, hex_medium,
          st_stairs_1, minmay_surrounded
D:3:      layout_loops_cross, nicolae_hepliaklqana_hippocampus,
          jmf_multi_god_temple, serial_shops, shop
D:4:      layout_loops_ring, temple_statues
D:5:      layout_loops_ring, nicolae_tricolors, uniq_pikel
Temple:   nicolae_temple_bog_church

Skill      XL: |  1  2  3  4 |
---------------+-------------+-----
Summonings     | 5 6 |  6.5
Spellcasting   | 4 |  4.5
Fighting       | |  0.6
Dodging        | |  2.4
Stealth        | |  2.4

Action                     |  1- 3 |  4- 6 || total
---------------------------+-------+-------++-------
  Melee: Unarmed           |    11 |       ||    11
         Short sword       |    41 |     1 ||    42
         Hand axe          |       |    33 ||    33
   Cast: Summon Small Mamm |    40 |     4 ||    44
         Call Imp          |     6 |     2 ||     8
         Call Canine Famil |       |     6 ||     6
         Summon Lightning  |       |     1 ||     1
   Stab: Distracted        |     2 |       ||     2
         Sleeping          |     1 |     8 ||     9
 Armour: Robe              |    40 |    18 ||    58
  Dodge: Dodged            |    35 |    16 ||    51

Table legend: (Time is in decaauts)
 A = Elapsed time spent in this place.
 B = Non-inter-level travel time spent in this place.
 C = Inter-level travel time spent in this place.
 D = Time resting spent in this place.
 E = Time spent auto-exploring this place.
 F = Levels seen in this place.
 G = Mean time per level.
                   A        B        C        D        E       F      G
               +--------+--------+--------+--------+--------+-----+--------+
         Total |   3707 |   3564 |    143 |     33 |   2888 |   6 |  617.8 |
       Dungeon |   3706 |   3563 |    143 |     33 |   2888 |   5 |  741.2 |
        Temple |      1 |      1 |      0 |      0 |      0 |   1 |    1.0 |
               +--------+--------+--------+--------+--------+-----+--------+

Top non-repeatable levels by time:
     D:1: 1124 daAuts
     D:3: 963 daAuts
     D:2: 868 daAuts
     D:4: 712 daAuts
     D:5: 36 daAuts
  Temple: 1 daAuts
